[Event "Liberia Championship 2023"]
[Site "Monrovia"]
[Date "2024.01.16"]
[Round "1.1"]
[White "Foday W. Kondoh"]
[Black "Anthony Waylea, Jr."]
[Result "1/2-1/2"]
[ECO "C45"]
[WhiteElo "1785"]
[BlackElo "1939"]
[Annotator "NA RC"]
[PlyCount "77"]
[EventDate "2024.01.16"]
[EventType "swiss"]
[EventCountry "LBR"]
[SourceTitle "playchess.com"]
[Source "ChessBase"]
[SourceQuality "1"]
[TimeControl "40/5400+30:1800+30"]

1. e4 Nc6 2. Nf3 e5 3. d4 exd4 4. Nxd4 Bc5 5. Nxc6 Qf6 6. Qf3 Qxc6 7. Nc3 Nf6 8. Bg5 Bd4 9. Bd2 O-O 10. Bd3 Re8 11. O-O-O Bxc3 12. Bxc3 Nxe4 13. Rhe1 d5 14. Bxe4 dxe4 15. Rxe4 Bd7 16. Qg3 f6 17. Red4 Bf5 18. Qf4 Bg6 19. Rc4 Qa6 20. Rxc7 Rac8 21. Rxc8 Rxc8 22. a3 Qe6 23. Qd2 Qf5 24. Qd5+ Qxd5 25. Rxd5 Be4 26. Ra5 a6 27. f3 Bc6 28. Rh5 Re8 29. Kd2 Bb5 30. Kd1 Be2+ 31. Kd2 Bb5 32. Kd1 Be2+ 33. Kc1 Bf1 34. g3 Bg2 35. Rf5 Re3 36. Kd2 Rxf3 37. Rxf3 Bxf3 38. Bd4 Kf7 39. c4 1/2-1/2

[Event "Liberia Championship 2023"]
[Site "Monrovia"]
[Date "2024.01.16"]
[Round "1.2"]
[White "Bobby Ballah"]
[Black "Jacob, Jallah"]
[Result "0-1"]
[ECO "B17"]
[WhiteElo "1913"]
[BlackElo "1781"]
[Annotator "NA RC"]
[PlyCount "142"]
[EventDate "2024.01.16"]
[EventType "swiss"]
[EventCountry "LBR"]
[SourceTitle "playchess.com"]
[Source "ChessBase"]
[SourceQuality "1"]
[TimeControl "40/5400+30:1800+30"]

1. e4 c6 2. Nc3 d5 3. Nf3 Bg4 4. h3 Bxf3 5. Qxf3 e6 6. d4 dxe4 7. Nxe4 Be7 8. c3 Nf6 9. Bd3 Nxe4 10. Qxe4 Nd7 11. O-O Nf6 12. Qf3 h6 13. Bf4 Qd5 14. Qe2 Qh5 15. Qc2 Nd5 16. Be2 Qf5 17. Qxf5 exf5 18. Bd2 O-O-O 19. Rfe1 Bd6 20. g3 Rde8 21. a3 Kd7 22. c4 Nf6 23. c5 Bc7 24. Bc4 Rxe1+ 25. Rxe1 Ne4 26. Be3 Rf8 27. d5 cxd5 28. Bxd5 b6 29. cxb6 axb6 30. Bxe4 fxe4 31. Bd4 f6 32. Rxe4 Re8 33. Rxe8 Kxe8 34. Kg2 Kf7 35. Kf3 Ke6 36. Ke4 b5 37. b3 g6 38. Kd3 h5 39. a4 bxa4 40. bxa4 g5 41. Kc4 f5 42. Kb5 Kd5 43. Ba7 Ke4 44. Be3 Bxg3 45. Bb6 Bb8 46. a5 h4 47. a6 g4 48. hxg4 fxg4 49. Bd8 g3 50. fxg3 h3 51. Bc7 h2 52. Bxb8 h1=Q 53. a7 Kf5 54. Kb6 Ke6 55. Kc5 Qb7 56. Kd4 Qc6 57. Ke3 Kf5 58. Kd4 Ke6 59. Ke3 Qa4 60. Kf3 Kf5 61. Ke3 Qe4+ 62. Kd2 Kg4 63. Kc3 Kf3 64. Kb3 Ke2 65. Kc3 Kf3 66. Kb3 Qc6 67. Kb4 Ke2 68. g4 Kd3 69. g5 Qb6+ 70. Ka3 Kc4 71. Ka2 Kc3 0-1

[Event "Liberia Championship 2023"]
[Site "Monrovia"]
[Date "2024.01.16"]
[Round "1.3"]
[White "John Jallah"]
[Black "Barcon, Harmon"]
[Result "0-1"]
[ECO "C27"]
[WhiteElo "1761"]
[BlackElo "1902"]
[Annotator "NA RC"]
[PlyCount "64"]
[EventDate "2024.01.16"]
[EventType "swiss"]
[EventCountry "LBR"]
[SourceTitle "playchess.com"]
[Source "ChessBase"]
[SourceQuality "1"]
[TimeControl "40/5400+30:1800+30"]

1. e4 e5 2. Bc4 c6 3. Nc3 Nf6 4. d3 d5 5. exd5 cxd5 6. Bb5+ Nc6 7. h3 h6 8. Nge2 d4 9. Bxc6+ bxc6 10. Nb1 Bd6 11. O-O O-O 12. Ng3 Nd5 13. Nd2 f5 14. Nc4 Bc7 15. Qh5 Qf6 16. Bd2 Bd7 17. Rae1 Rae8 18. c3 c5 19. Qd1 Bc6 20. Qh5 Kh7 21. Re2 Nf4 22. Bxf4 exf4 23. Rxe8 Bxe8 24. Qf3 fxg3 25. Qd5 gxf2+ 26. Rxf2 dxc3 27. bxc3 Bb6 28. Nd6 Bg6 29. Ne4 Qf7 30. Qd6 Rd8 31. Qg3 Qd5 32. Nd2 Qxd3 0-1

[Event "Liberia Championship 2023"]
[Site "Monrovia"]
[Date "2024.01.16"]
[Round "1.4"]
[White "Thomas, Saah"]
[Black "Obediah Saah"]
[Result "0-1"]
[ECO "C57"]
[WhiteElo "1889"]
[BlackElo "1756"]
[Annotator "NA COMBH"]
[PlyCount "108"]
[EventDate "2024.01.16"]
[EventType "swiss"]
[EventCountry "LBR"]
[SourceTitle "playchess.com"]
[Source "ChessBase"]
[SourceQuality "1"]
[TimeControl "40/5400+30:1800+30"]

1. e4 e5 2. Nf3 Nc6 3. Bc4 Nf6 4. Ng5 Nxe4 5. Nxf7 Qh4 6. g3 Nxg3 7. fxg3 Qxc4 8. Ng5 Be7 9. d3 Qb4+ 10. c3 Qd6 11. O-O Qg6 12. h4 Bxg5 13. hxg5 Rf8 14. Rxf8+ Kxf8 15. Qf3+ Qf7 16. Qe4 Kg8 17. Bd2 d5 18. Qg2 Bf5 19. Qf3 e4 20. dxe4 dxe4 21. Qe2 Ne5 22. Na3 Nf3+ 23. Kg2 Rd8 24. Bf4 Bh3+ 25. Kf2 Rd2 26. Bxd2 Nd4+ 27. Bf4 Nxe2 28. Kxe2 Qh5+ 29. Kd2 Qf3 30. Re1 Bf1 31. Nc2 Qf2+ 32. Kc1 Bd3 33. Bd2 Qxg3 34. Nb4 Qd6 35. Nxd3 exd3 36. b4 Qd5 37. Kb2 b6 38. Rg1 Kf7 39. Rg4 c5 40. b5 Kg6 41. Rg1 Qc4 42. Re1 Qa4 43. Rc1 Qxb5+ 44. Ka1 Qc4 45. Kb2 b5 46. Kb1 a5 47. Ka1 Qg4 48. Re1 Qg2 49. Be3 d2 50. Rd1 Qe2 51. Rxd2 Qxe3 52. Rd6+ Kxg5 53. Rd5+ Kg4 54. Kb2 h5 0-1

[Event "Liberia Championship 2023"]
[Site "Monrovia"]
[Date "2024.01.16"]
[Round "1.5"]
[White "Harold Evans"]
[Black "Joel O. Ebiekuta"]
[Result "0-1"]
[ECO "C30"]
[WhiteElo "1735"]
[BlackElo "1875"]
[Annotator "NA COMBH"]
[PlyCount "66"]
[EventDate "2024.01.16"]
[EventType "swiss"]
[EventCountry "LBR"]
[SourceTitle "playchess.com"]
[Source "ChessBase"]
[SourceQuality "1"]
[TimeControl "40/5400+30:1800+30"]

1. e4 d6 2. f4 e5 3. Qf3 Nc6 4. Bb5 Bd7 5. Ne2 Nf6 6. Bxc6 Bxc6 7. d3 Qe7 8. O-O O-O-O 9. Nbc3 d5 10. fxe5 Qxe5 11. Bf4 Qe6 12. exd5 Nxd5 13. Qg3 Nxf4 14. Nxf4 Qd7 15. Nfe2 Kb8 16. a4 h5 17. Nb5 Bc5+ 18. d4 Bb6 19. Qb3 a6 20. Nbc3 Bxd4+ 21. Nxd4 Qxd4+ 22. Rf2 h4 23. h3 f5 24. Raf1 g6 25. Rd1 Qe3 26. Rdf1 g5 27. Nb1 Qa7 28. Kh2 g4 29. Rxf5 gxh3 30. gxh3 Qd4 31. R5f4 Qe5 32. Qb4 Rhg8 33. R1f2 Rd1 0-1

[Event "Liberia Championship 2023"]
[Site "Monrovia"]
[Date "2024.01.16"]
[Round "1.7"]
[White "Miller Moore"]
[Black "James, Tondo"]
[Result "0-1"]
[ECO "C84"]
[WhiteElo "1677"]
[BlackElo "1837"]
[Annotator "NA COMBH"]
[PlyCount "51"]
[EventDate "2024.01.16"]
[EventType "swiss"]
[EventCountry "LBR"]
[SourceTitle "playchess.com"]
[Source "ChessBase"]
[SourceQuality "1"]
[TimeControl "40/5400+30:1800+30"]

1. e4 e5 2. Nf3 Nc6 3. Bb5 a6 4. Ba4 Nf6 5. O-O Be7 6. Nc3 b5 7. Bb3 d6 8. h3 Na5 9. d4 exd4 10. Nxd4 c5 11. Ndxb5 axb5 12. Nxb5 Nxb3 13. cxb3 Ba6 14. Qe2 Qb8 15. a4 Bxb5 16. axb5 Rxa1 17. f4 O-O 18. Kh2 Qb7 19. e5 Qe4 20. Qd2 Nd5 21. Rd1 Qxf4+ 22. Qxf4 Nxf4 23. exd6 Bxd6 24. Rxd6 Rxc1 25. b6 Rc2 26. Kg3 0-1

[Event "Liberia Championship 2023"]
[Site "Monrovia"]
[Date "2024.01.16"]
[Round "1.8"]
[White "Daniel Kolliemelen"]
[Black "Rudolph Edwards"]
[Result "1-0"]
[ECO "D00"]
[WhiteElo "1809"]
[BlackElo "1630"]
[Annotator "NA COMBH"]
[PlyCount "128"]
[EventDate "2024.01.16"]
[EventType "swiss"]
[EventCountry "LBR"]
[SourceTitle "playchess.com"]
[Source "ChessBase"]
[SourceQuality "1"]
[TimeControl "40/5400+30:1800+30"]

1. d4 d5 2. f4 Nf6 3. e3 Bf5 4. Bd3 Bxd3 5. Qxd3 e6 6. Qb5+ Nbd7 7. Qxb7 Bd6 8. Nf3 O-O 9. Qa6 Nb6 10. Qd3 Rb8 11. Nbd2 c5 12. c3 Qc7 13. g3 c4 14. Qc2 Nc8 15. e4 dxe4 16. Nxe4 Be7 17. O-O h6 18. Qe2 Nxe4 19. Qxe4 Nd6 20. Qe2 Qc6 21. Re1 Rfc8 22. Ne5 Qd5 23. Qc2 Nf5 24. Ng4 Qf3 25. Qe2 Qd5 26. Ne3 Qb5 27. Nd1 Nd6 28. Be3 Qf5 29. Rc1 Rb5 30. Rc2 Qg6 31. Bc1 Rh5 32. Nf2 Bh4 33. Qg4 Qxc2 34. Qxh5 Bd8 35. Qe2 Qg6 36. Kh1 Rb8 37. Ne4 Nxe4 38. Qxe4 Qh5 39. Qc6 Qb5 40. Qxb5 Rxb5 41. Re5 Rxe5 42. fxe5 Kf8 43. b3 cxb3 44. axb3 Ke8 45. Kg2 Kd7 46. Kf3 Kc6 47. Ke4 a5 48. c4 h5 49. d5+ exd5+ 50. cxd5+ Kd7 51. h3 g6 52. g4 hxg4 53. hxg4 Bh4 54. Bd2 Bd8 55. Bc3 Bb6 56. Kf3 Bd8 57. Ke4 Bc7 58. Kd3 Bb8 59. Kc4 Bc7 60. Kb5 g5 61. d6 Bb8 62. Bxa5 f6 63. exf6 Bxd6 64. Bb4 Ke8 1-0

[Event "Liberia Championship 2023"]
[Site "Monrovia"]
[Date "2024.01.16"]
[Round "1.9"]
[White "Prince Jegbadai"]
[Black "David Leroy Debblay"]
[Result "0-1"]
[ECO "C42"]
[WhiteElo "1627"]
[BlackElo "1791"]
[Annotator "NA COMBH"]
[PlyCount "96"]
[EventDate "2024.01.16"]
[EventType "swiss"]
[EventCountry "LBR"]
[SourceTitle "playchess.com"]
[Source "ChessBase"]
[SourceQuality "1"]
[TimeControl "40/5400+30:1800+30"]

1. e4 e5 2. Nf3 Nf6 3. Nc3 Bb4 4. d3 d6 5. Bd2 Bg4 6. h3 Bh5 7. Be2 Nc6 8. a3 Ba5 9. b4 Bb6 10. Bg5 Bxf3 11. Bxf3 Bd4 12. Qd2 h6 13. Bh4 g5 14. Bg3 a6 15. Rb1 Bxc3 16. Qxc3 Nd4 17. Bd1 Qe7 18. Qd2 c6 19. c3 Ne6 20. Bb3 Nh5 21. Bxe6 Qxe6 22. c4 f5 23. exf5 Qxf5 24. O-O Nf4 25. Bxf4 gxf4 26. f3 Ke7 27. d4 Rad8 28. Rbe1 Kf6 29. Qb2 Rhe8 30. Re4 Re7 31. Rfe1 Rde8 32. c5 d5 33. dxe5+ Rxe5 34. Rxe5 Rxe5 35. Kf2 Ke6 36. Rxe5+ Qxe5 37. Qe2 h5 38. a4 Kf5 39. Qd3+ Kg5 40. b5 axb5 41. axb5 Qb2+ 42. Qe2 Qxe2+ 43. Kxe2 cxb5 44. Kd3 b4 45. Kc2 d4 46. Kb3 d3 47. Kb2 Kh4 48. Kc1 b3 0-1

[Event "Liberia Championship 2023"]
[Site "Monrovia"]
[Date "2024.01.16"]
[Round "1.10"]
[White "Kennedy Zinnah Kengo"]
[Black "Alfred J. Kollie"]
[Result "0-1"]
[ECO "C55"]
[WhiteElo "1789"]
[BlackElo "1612"]
[Annotator "NA COMBH"]
[PlyCount "78"]
[EventDate "2024.01.16"]
[EventType "swiss"]
[EventCountry "LBR"]
[SourceTitle "playchess.com"]
[Source "ChessBase"]
[SourceQuality "1"]
[TimeControl "40/5400+30:1800+30"]

1. Nf3 Nc6 2. e4 e5 3. Bc4 Be7 4. O-O Nf6 5. c3 O-O 6. d4 d6 7. dxe5 dxe5 8. Qe2 Bg4 9. Bg5 Nh5 10. Rd1 Qe8 11. Be3 Nf4 12. Bxf4 exf4 13. Nbd2 Ne5 14. Bb3 Rd8 15. Nc4 Nxf3+ 16. gxf3 Bh3 17. Kh1 Rxd1+ 18. Rxd1 Qb5 19. Rd5 Qa6 20. Rh5 Be6 21. Kg2 Bxc4 22. Qxc4 Qg6+ 23. Kf1 Qxh5 24. Qxc7 Qh4 25. Bd5 Bd8 26. Qc4 Bb6 27. Qe2 Qxh2 28. Ke1 Qg1+ 29. Qf1 Qh2 30. b4 a6 31. Bxb7 a5 32. a3 Rd8 33. Bd5 axb4 34. axb4 Rd7 35. Qb5 Qxf2+ 36. Kd1 Rd8 37. Qd3 h5 38. Bxf7+ Kxf7 39. Qxd8 Bxd8 0-1

[Event "Liberia Championship 2023"]
[Site "Monrovia"]
[Date "2024.01.16"]
[Round "2.1"]
[White "Barcon, Harmon"]
[Black "Daniel Kolliemelen"]
[Result "1-0"]
[ECO "C15"]
[WhiteElo "1902"]
[BlackElo "1809"]
[Annotator "NA RC"]
[PlyCount "107"]
[EventDate "2024.01.16"]
[EventType "swiss"]
[EventCountry "LBR"]
[SourceTitle "playchess.com"]
[Source "ChessBase"]
[SourceQuality "1"]
[TimeControl "40/5400+30:1800+30"]

1. e4 e6 2. d4 d5 3. Nc3 Bb4 4. Bd3 dxe4 5. Bxe4 Nf6 6. Bd3 c6 7. Nge2 Nbd7 8. O-O Bd6 9. Ng3 Qc7 10. Re1 a6 11. Qf3 O-O 12. Nce2 b6 13. h3 Bb7 14. Ne4 c5 15. Bg5 Bxe4 16. Bxe4 Nxe4 17. Qxe4 Rfe8 18. c3 Nf8 19. Rad1 Ng6 20. dxc5 bxc5 21. Rd2 Be7 22. Be3 Rad8 23. Qa4 Qc8 24. Red1 Rxd2 25. Rxd2 Nf8 26. Ng3 f5 27. Qc4 Kh8 28. Bf4 Ng6 29. Re2 Bf8 30. Bd2 Bd6 31. Qa4 Bxg3 32. fxg3 e5 33. Qc4 e4 34. Be3 Qc7 35. Bf2 Qd6 36. Qxc5 Qe6 37. Bd4 f4 38. gxf4 Nxf4 39. Rf2 Ng6 40. a4 h6 41. Qb6 Qxb6 42. Bxb6 Ne5 43. Bd4 Nd3 44. Re2 Nc1 45. Re3 Nb3 46. Bb6 Nd2 47. Re2 Nb3 48. c4 Re6 49. a5 Re5 50. Rc2 Nxa5 51. Bxa5 Rxa5 52. c5 Rb5 53. c6 Rb8 54. Kf2 1-0

[Event "Liberia Championship 2023"]
[Site "Monrovia"]
[Date "2024.01.16"]
[Round "2.2"]
[White "Joel O. Ebiekuta"]
[Black "David Leroy Debblay"]
[Result "0-1"]
[ECO "D02"]
[WhiteElo "1875"]
[BlackElo "1791"]
[Annotator "NA COMBH"]
[PlyCount "62"]
[EventDate "2024.01.16"]
[EventType "swiss"]
[EventCountry "LBR"]
[SourceTitle "playchess.com"]
[Source "ChessBase"]
[SourceQuality "1"]
[TimeControl "40/5400+30:1800+30"]

1. d4 Nf6 2. Bf4 d5 3. e3 e6 4. Bd3 c5 5. c3 Nc6 6. Nd2 Be7 7. Ngf3 h6 8. Ne5 Bd7 9. Qf3 Nxe5 10. dxe5 Ng8 11. e4 Bc6 12. exd5 exd5 13. Qg4 g5 14. Be3 h5 15. Qh3 d4 16. cxd4 cxd4 17. e6 Nh6 18. exf7+ Nxf7 19. O-O dxe3 20. Qxe3 Kf8 21. Rad1 Rh6 22. Nc4 Qd5 23. Qg3 Bd6 24. Nxd6 Qxd6 25. f4 g4 26. Kh1 Rd8 27. Rfe1 Re6 28. Rg1 Qc5 29. Bh7 Rxd1 30. Rxd1 Qe3 31. Qh4 Bxg2+ 0-1

[Event "Liberia Championship 2023"]
[Site "Monrovia"]
[Date "2024.01.16"]
[Round "2.3"]
[White "Jacob, Jallah"]
[Black "Arnold Smith"]
[Result "0-1"]
[ECO "D02"]
[WhiteElo "1781"]
[BlackElo "1844"]
[Annotator "NA COMBH"]
[PlyCount "110"]
[EventDate "2024.01.16"]
[EventType "swiss"]
[EventCountry "LBR"]
[SourceTitle "playchess.com"]
[Source "ChessBase"]
[SourceQuality "1"]
[TimeControl "40/5400+30:1800+30"]

1. Nf3 d5 2. d4 Nf6 3. Bf4 e6 4. e3 Bd6 5. Bg3 Bxg3 6. hxg3 Nbd7 7. c4 b6 8. cxd5 exd5 9. Bb5 Bb7 10. Qc2 O-O 11. Ne5 g6 12. Nxd7 Nxd7 13. Bc6 Bxc6 14. Qxc6 Nf6 15. Nd2 Qe7 16. Rc1 Rac8 17. a3 a5 18. Nf3 Rfd8 19. Ne5 Ne4 20. Qb7 Qf6 21. Rc2 c5 22. O-O c4 23. g4 Qe6 24. f4 Rb8 25. Qc6 Rdc8 26. Qxe6 fxe6 27. a4 Rc7 28. b3 c3 29. Nf3 b5 30. Ra1 b4 31. g5 Kg7 32. g4 Rh8 33. Kg2 h6 34. gxh6+ Rxh6 35. Rh1 Rxh1 36. Kxh1 Nf2+ 37. Kg1 Nxg4 38. Ne1 Nxe3 39. Re2 c2 40. Nd3 c1=Q+ 41. Nxc1 Rxc1+ 42. Kf2 Rc2 43. Kxe3 Rxe2+ 44. Kxe2 Kf6 45. Ke3 Kf5 46. Kf3 g5 47. fxg5 Kxg5 48. Kg3 Kf5 49. Kf3 e5 50. dxe5 Kxe5 51. Ke3 d4+ 52. Kd3 Kd5 53. Kd2 Ke4 54. Ke2 d3+ 55. Kd2 Kd4 0-1

[Event "Liberia Championship 2023"]
[Site "Monrovia"]
[Date "2024.01.16"]
[Round "2.4"]
[White "James, Tondo"]
[Black "Obediah Saah"]
[Result "0-1"]
[ECO "C00"]
[WhiteElo "1837"]
[BlackElo "1756"]
[Annotator "NA COMBH"]
[PlyCount "136"]
[EventDate "2024.01.16"]
[EventType "swiss"]
[EventCountry "LBR"]
[SourceTitle "playchess.com"]
[Source "ChessBase"]
[SourceQuality "1"]
[TimeControl "40/5400+30:1800+30"]

1. e4 e6 2. d3 d5 3. Nd2 c5 4. Ngf3 Nc6 5. g3 Nf6 6. Bg2 Be7 7. O-O O-O 8. c3 Qc7 9. Nb3 Rd8 10. Qc2 c4 11. dxc4 dxc4 12. Nbd2 b5 13. a4 b4 14. e5 b3 15. Qb1 Nd5 16. Qe4 Ba6 17. Re1 Nb8 18. Nd4 Nd7 19. Nb5 Bxb5 20. axb5 Rac8 21. Bf1 N5b6 22. Nf3 Nc5 23. Qg4 Nd3 24. Bh6 Bf8 25. Bxd3 cxd3 26. Be3 Rd5 27. Bxb6 Qxb6 28. Nd2 Rd7 29. Qa4 Rb8 30. Qxb3 Qxb5 31. Qxb5 Rxb5 32. Ra2 g6 33. f4 Rdb7 34. Rb1 g5 35. Kf2 Bc5+ 36. Kf3 h5 37. Ke4 Rd7 38. b4 Be7 39. Ke3 f6 40. exf6 Bxf6 41. Ne4 gxf4+ 42. gxf4 Be7 43. Rg1+ Kh7 44. Rag2 Bd8 45. Kd2 a5 46. Nc5 Re7 47. Rg5 Kh6 48. R1g3 Rf7 49. Rg6+ Kh7 50. Nxe6 Bh4 51. Rg2 axb4 52. c4 Rb8 53. Kxd3 b3 54. Rg7+ Rxg7 55. Rxg7+ Kh6 56. Rg1 Bf6 57. c5 b2 58. Rb1 Rb3+ 59. Ke4 Ra3 60. c6 Ra1 61. c7 Rxb1 62. c8=Q Re1+ 63. Kf5 b1=Q+ 64. Kxf6 Qg6+ 65. Ke7 Qg7+ 66. Kd6 Rd1+ 67. Kc6 Rc1+ 68. Nc5 Rxc5+ 0-1

[Event "Liberia Championship 2023"]
[Site "Monrovia"]
[Date "2024.01.16"]
[Round "2.5"]
[White "Alfred J. Kollie"]
[Black "Foday W. Kondoh"]
[Result "0-1"]
[ECO "A45"]
[WhiteElo "1612"]
[BlackElo "1785"]
[Annotator "NA COMBH"]
[PlyCount "86"]
[EventDate "2024.01.16"]
[EventType "swiss"]
[EventCountry "LBR"]
[SourceTitle "playchess.com"]
[Source "ChessBase"]
[SourceQuality "1"]
[TimeControl "40/5400+30:1800+30"]

1. d4 Nf6 2. f3 d5 3. Bg5 Bf5 4. Nd2 Nbd7 5. c3 e5 6. e4 dxe4 7. fxe4 Bg6 8. Ngf3 Be7 9. Bd3 exd4 10. cxd4 O-O 11. O-O c5 12. Bxf6 Nxf6 13. Qb3 cxd4 14. Qxb7 Nd7 15. Nb3 a5 16. Qd5 Nf6 17. Qxd8 Rfxd8 18. Nbd2 Rab8 19. b3 Bb4 20. Rad1 Rbc8 21. h3 Nd5 22. Nc4 Nc3 23. Ra1 Nxe4 24. Nfe5 Ng3 25. Bxg6 fxg6 26. Rf3 Nf5 27. Rd1 Ne3 28. Rd3 Nxc4 29. Nxc4 a4 30. Nb6 Rc1+ 31. Rf1 Rc3 32. Rfd1 axb3 33. axb3 Rxd3 34. Rxd3 Bc3 35. Na4 Bb4 36. g4 Kf7 37. Kg2 Ke6 38. Kf3 Ke5 39. Nb6 Rf8+ 40. Ke2 Ke4 41. Rg3 Bc5 42. Nc4 d3+ 43. Kd1 Rf1+ 0-1

[Event "Liberia Championship 2023"]
[Site "Monrovia"]
[Date "2024.01.16"]
[Round "2.6"]
[White "Anthony Waylea, Jr."]
[Black "Bobby Ballah"]
[Result "1/2-1/2"]
[ECO "D02"]
[WhiteElo "1939"]
[BlackElo "1913"]
[Annotator "NA RC"]
[PlyCount "64"]
[EventDate "2024.01.16"]
[EventType "swiss"]
[EventCountry "LBR"]
[SourceTitle "playchess.com"]
[Source "ChessBase"]
[SourceQuality "1"]
[TimeControl "40/5400+30:1800+30"]

1. Nf3 Nf6 2. g3 d5 3. d4 c5 4. dxc5 e6 5. Bg2 Bxc5 6. O-O O-O 7. b3 Nc6 8. Bb2 Re8 9. Ne5 Bd7 10. Nxd7 Nxd7 11. Nd2 Rc8 12. c4 Nf6 13. cxd5 exd5 14. Nf3 Ne4 15. Nd4 Nxd4 16. Bxd4 Bxd4 17. Qxd4 Nc3 18. Qxa7 Nxe2+ 19. Kh1 d4 20. Qxb7 d3 21. Rad1 d2 22. Bf3 Nc3 23. Ra1 Qd3 24. Kg2 Rcd8 25. a4 Rb8 26. Qc7 Rxb3 27. Qc6 Rd8 28. a5 Nb5 29. Qe4 Qd6 30. a6 Na7 31. Rfd1 g6 32. Ra2 Rd3 1/2-1/2

[Event "Liberia Championship 2023"]
[Site "Monrovia"]
[Date "2024.01.16"]
[Round "2.7"]
[White "Martin Dunbar"]
[Black "Thomas, Saah"]
[Result "0-1"]
[ECO "B20"]
[WhiteElo "1709"]
[BlackElo "1889"]
[Annotator "NA COMBH"]
[PlyCount "62"]
[EventDate "2024.01.16"]
[EventType "swiss"]
[EventCountry "LBR"]
[SourceTitle "playchess.com"]
[Source "ChessBase"]
[SourceQuality "1"]
[TimeControl "40/5400+30:1800+30"]

1. e4 c5 2. Bc4 Nc6 3. a3 g6 4. d3 Bg7 5. Nf3 e6 6. Nc3 Nge7 7. Bd2 d5 8. exd5 exd5 9. Ba2 O-O 10. Bg5 h6 11. Bh4 Be6 12. Qd2 a6 13. h3 b5 14. O-O Qb6 15. Rab1 c4 16. Bg3 Rad8 17. Rfe1 d4 18. Rxe6 dxc3 19. Rxc6 Qxc6 20. bxc3 cxd3 21. cxd3 Qxc3 22. Qe2 Nf5 23. Be5 Qxd3 24. Qb2 Bxe5 25. Qxe5 Qxa3 26. Ra1 Qd6 27. Qe4 Rfe8 28. Qg4 Kg7 29. h4 h5 30. Qg5 Qf6 31. Qf4 Qxa1+ 0-1

[Event "Liberia Championship 2023"]
[Site "Monrovia"]
[Date "2024.01.16"]
[Round "2.8"]
[White "Miller Moore"]
[Black "Kennedy Zinnah Kengo"]
[Result "1-0"]
[ECO "C78"]
[WhiteElo "1677"]
[BlackElo "1789"]
[Annotator "NA COMBH"]
[PlyCount "113"]
[EventDate "2024.01.16"]
[EventType "swiss"]
[EventCountry "LBR"]
[SourceTitle "playchess.com"]
[Source "ChessBase"]
[SourceQuality "1"]
[TimeControl "40/5400+30:1800+30"]

1. e4 e5 2. Nf3 Nc6 3. Bb5 a6 4. Ba4 Nf6 5. O-O b5 6. Bb3 d6 7. c3 Be7 8. h3 Nxe4 9. Bd5 Bb7 10. Bxe4 d5 11. Bc2 O-O 12. d3 Bd6 13. Nbd2 f5 14. Re1 Qf6 15. Nf1 e4 16. dxe4 dxe4 17. Nd4 Rad8 18. Bb3+ Kh8 19. Qh5 g6 20. Qg5 Rde8 21. Qxf6+ Rxf6 22. Bg5 Kg7 23. Bxf6+ Kxf6 24. Ne3 Ke5 25. Rad1 Na5 26. Bc2 h5 27. b4 Nc6 28. Nxc6+ Bxc6 29. Bb3 f4 30. Bd5 Bd7 31. Nc2 Bf5 32. Bc6 Rb8 33. Nd4 Rb6 34. Bxe4 Bxe4 35. f3 c5 36. Rxe4+ Kf6 37. Re6+ Kf7 38. bxc5 Bxc5 39. Rxb6 Bxb6 40. Kf1 Ba5 41. Rd3 Kf6 42. Nb3 Bc7 43. Rd7 Be5 44. Nd4 g5 45. Ra7 b4 46. Rxa6+ Kf7 47. Nc6 Bxc3 48. Rb6 Ke6 49. Nxb4+ Kf5 50. Nd3 Bd2 51. a4 Be3 52. Rb5+ Kg6 53. a5 Kf6 54. Nc5 Ke7 55. a6 Kd6 56. a7 Kc6 57. Rb7 1-0

[Event "Liberia Championship 2023"]
[Site "Monrovia"]
[Date "2024.01.16"]
[Round "2.9"]
[White "Rudolph Edwards"]
[Black "John Jallah"]
[Result "0-1"]
[ECO "A16"]
[WhiteElo "1630"]
[BlackElo "1761"]
[Annotator "NA COMBH"]
[PlyCount "70"]
[EventDate "2024.01.16"]
[EventType "swiss"]
[EventCountry "LBR"]
[SourceTitle "playchess.com"]
[Source "ChessBase"]
[SourceQuality "1"]
[TimeControl "40/5400+30:1800+30"]

1. e4 c6 2. c4 d6 3. Nc3 g6 4. g3 Bg7 5. Bg2 Nf6 6. Nge2 Nbd7 7. O-O O-O 8. d3 Ne5 9. Bf4 Nfd7 10. b4 a5 11. b5 a4 12. Rb1 a3 13. Rb3 Nc5 14. Rb1 Nexd3 15. Be3 Nb2 16. Qc2 Nxc4 17. Bxc5 dxc5 18. bxc6 bxc6 19. Na4 Ba6 20. Rfd1 Qa5 21. Nac3 Nb2 22. Rd7 Rfd8 23. Rxd8+ Rxd8 24. Rc1 Bd3 25. Qb3 Bc4 26. Qb7 Nd3 27. Rc2 Nb4 28. Rc1 Bxe2 29. Qxe7 Bc4 30. e5 Nxa2 31. Nxa2 Bxa2 32. h4 Qd2 33. Qxc5 Bxe5 34. Qxc6 Bb2 35. Rf1 Bd5 0-1

[Event "Liberia Championship 2023"]
[Site "Monrovia"]
[Date "2024.01.16"]
[Round "2.10"]
[White "Prince Jegbadai"]
[Black "Harold Evans"]
[Result "0-1"]
[ECO "B01"]
[WhiteElo "1627"]
[BlackElo "1735"]
[Annotator "NA COMBH"]
[PlyCount "108"]
[EventDate "2024.01.16"]
[EventType "swiss"]
[EventCountry "LBR"]
[SourceTitle "playchess.com"]
[Source "ChessBase"]
[SourceQuality "1"]
[TimeControl "40/5400+30:1800+30"]

1. e4 d5 2. e5 d4 3. Bc4 Nc6 4. f4 Bf5 5. a3 e6 6. Nf3 Qd7 7. O-O Be7 8. d3 h6 9. b4 Bg4 10. Qe1 f5 11. Nbd2 O-O-O 12. Nb3 Bxf3 13. Rxf3 Rf8 14. b5 Nd8 15. Bd2 g5 16. a4 gxf4 17. Bxf4 h5 18. a5 Nh6 19. Qd2 Ndf7 20. b6 cxb6 21. axb6 axb6 22. Ra7 Kb8 23. Ra2 Ng4 24. h3 Ngxe5 25. Rf1 Rhg8 26. Rfa1 Bd6 27. Kh1 Nxc4 28. dxc4 e5 29. Bh2 Kc7 30. c5 Bxc5 31. Nxc5 bxc5 32. Qa5+ Kd6 33. Rb1 Rc8 34. Rab2 Rc7 35. Rb6+ Ke7 36. Qe1 Qd5 37. Qf2 Nd6 38. Re1 Nc4 39. Rh6 Ne3 40. Qh4+ Kf8 41. Rf6+ Rf7 42. Rxf7+ Kxf7 43. Qxh5+ Kf8 44. Qh6+ Rg7 45. Qh8+ Kf7 46. Qh5+ Ke7 47. Qf3 Qxf3 48. gxf3 f4 49. Rb1 Kd6 50. Rb2 Kc6 51. Bg1 b5 52. Bf2 b4 53. Ra2 Kd5 54. Rb2 Nd1 0-1

[Event "Liberia Championship 2023"]
[Site "Monrovia"]
[Date "2024.01.16"]
[Round "3.1"]
[White "David Leroy Debblay"]
[Black "Barcon, Harmon"]
[Result "*"]
[ECO "C54"]
[WhiteElo "1791"]
[BlackElo "1902"]
[Annotator "NA RC"]
[PlyCount "111"]
[EventDate "2024.01.16"]
[EventType "swiss"]
[EventCountry "LBR"]
[SourceTitle "playchess.com"]
[Source "ChessBase"]
[SourceQuality "1"]
[TimeControl "40/5400+30:1800+30"]

1. e4 e5 2. Nf3 Nc6 3. Bc4 Nf6 4. d3 Bc5 5. O-O d6 6. h3 h6 7. c3 Bb6 8. Re1 O-O 9. Be3 Bxe3 10. Rxe3 Re8 11. Nbd2 Ne7 12. Qb3 Rf8 13. d4 exd4 14. cxd4 Ng6 15. e5 Nh5 16. e6 fxe6 17. Bxe6+ Kh8 18. d5 Nhf4 19. Rae1 c6 20. Ne4 Bxe6 21. dxe6 Qe7 22. Ng3 Nd5 23. Re4 Rae8 24. Nd4 Ngf4 25. Ndf5 Qc7 26. e7 Rf6 27. Qf3 g6 28. Rxf4 gxf5 29. Rxf5 Rxe7 30. Rxe7 Qxe7 31. Rxf6 Qxf6 32. Qxf6+ Nxf6 33. Nf5 d5 34. Nxh6 Kg7 35. Nf5+ Kg6 36. Ne3 d4 37. Nc4 Ne4 38. Kf1 Kf6 39. Ke2 b5 40. Nd2 Nd6 41. Kd3 Ke5 42. Nf3+ Kd5 43. Nxd4 c5 44. Ne2 c4+ 45. Ke3 b4 46. g4 a5 47. h4 a4 48. h5 Ne4 49. h6 Ng5 50. f4 Nh7 51. g5 a3 52. bxa3 b3 53. axb3 cxb3 54. g6 Kc4 55. gxh7 b2 56. h8=Q *